 Dungeon Crawl Stone Soup version 0.28-a0-779-g3d1f99b579 (webtiles) character file.

Game seed: 7826746868351191714

3 gimp the Skirmisher (level 1, 0/18 HPs)
             Began as a Demonspawn Cinder Acolyte on Nov 3, 2021.
             Was a High Priest of Ignis.
             Hit by a stone thrown by a kobold (1 damage)
             ... on level 1 of the Dungeon.
             The game lasted 00:00:19 (135 turns).

gimp the Skirmisher (Demonspawn Cinder Acolyte)      Turns: 135, Time: 00:00:20

Health: 0/18       AC:  2    Str: 14    XL:     1   Next: 41%
Magic:  2/2        EV: 11    Int: 15    God:    Ignis [*****.]
Gold:   0          SH:  0    Dex:  8    Spells: 2/2 levels left

rFire   + . .      SeeInvis .   a - -1 falchion (flame)
rCold   . . .      Faith    .   (no shield)
rNeg    . . .      Spirit   .   b - +0 robe
rPois   .          Reflect  .   (no helmet)
rElec   .          Harm     .   (no cloak)
rCorr   .          Rampage  .   (no gloves)
Will    .....                   (no boots)
Stlth   +.........              (no amulet)
HPRegen 0.06/turn               (no ring)
MPRegen 0.08/turn               (no ring)

@: lethally poisoned (0 -> -8)
A: no striking features
a: Renounce Religion, Sea of Fire, Foxfire Swarm, Rising Flame


You were on level 1 of the Dungeon.
You worshipped Ignis.
Ignis was extremely pleased with you.
You visited 1 branch of the dungeon, and saw 1 of its levels.

Inventory:

Hand Weapons
 a - a -1 falchion of flaming (weapon)
Armour
 b - a +0 robe (worn)


   Skills:
 + Level 3.0 Fighting
 * Level 2.8 Long Blades
 - Level 1.0 Spellcasting
 - Level 2.6 Fire Magic


You had 2 spell levels left.
You didn't know any spells.
Your spell library contained the following spells:

 Spells                   Type           Power      Damage    Failure   Level
 Scorch                   Fire           16%        2d6       12%         2


Dungeon Overview and Level Annotations

Branches:
Dungeon (1/15)

Altars:


Message History

A kobold comes into view. It is wielding a +0 dagger.
The goblin hits you with a +0 club.
You take 4 damage, and have 13/18 hp.
MASSIVE DAMAGE!!
You barely miss the goblin.
An endoplasm comes into view.
The goblin completely misses you. The ball python misses you.
The ball python grabs you. The ball python constricts you.
You escape the ball python's grasp.
The goblin hits you with a +0 club.
You take 1 damage, and have 12/18 hp.
You miss the goblin. The goblin hits you with a +0 club.
You take 1 damage, and have 11/18 hp.
You hit the goblin. You burn the goblin.
You kill the goblin!
The ball python barely misses you. The ball python grabs you.
The ball python constricts you.
You hit the ball python. You burn the ball python.
You kill the ball python!
You hit the kobold. You burn the kobold.
The kobold is heavily wounded.
The kobold hits you with a +1 dagger of venom.
You are lethally poisoned!
You take 3 damage, and have 8/18 hp.
You are too injured to fight recklessly!
You aren't carrying any potions.
Unknown command.
You hit the kobold but do no damage.
The kobold is heavily wounded.
* * * LOW HITPOINT WARNING * * *
You feel very sick. The kobold barely misses you.
The kobold hits you with a +1 dagger of venom.
* * * LOW HITPOINT WARNING * * *
You take 5 damage, and have 3/18 hp.
MASSIVE DAMAGE!!
You slash the kobold! You burn the kobold.
You kill the kobold!
* * * LOW HITPOINT WARNING * * *
You feel sick.
The kobold throws a stone.
The stone hits you.
You die...

#....# #....##
#.......##.....
#.......##....
#.......##...
#.......##..
#....(..##.#
#.....(.##@#
##.......##)#
#........##K#
....K...K.w.#
.....w###...#
...... #''##
..... #..#
..w.. ###''###
J... #.†.§..#


You could see a dart slug and a kobold.

Vanquished Creatures
  A goblin (D:1)
  A kobold (D:1)
  2 ball pythons (D:1)
  A frilled lizard (D:1)
5 creatures vanquished.

Notes
Turn   | Place    | Note
-------+----------+-------------------------------------------
     0 | D:1      | gimp the Demonspawn Cinder Acolyte began the quest for the
                  | Orb.
     0 | D:1      | Reached XP level 1. HP: 18/18 MP: 2/2
   135 | D:1      | Hit by a stone thrown by a kobold

Illustrated notes

Levels and vault maps discovered:
D:1:      lightli_arrival_lavapool, layout_rooms, serial_shops,
          nicolae_diamond_shop

Action                   || total
-------------------------++-------
Melee: Falchion          ||    18
Dodge: Dodged            ||    17

Table legend: (Time is in decaauts)
 A = Elapsed time spent in this place.
 B = Non-inter-level travel time spent in this place.
 C = Inter-level travel time spent in this place.
 D = Time resting spent in this place.
 E = Time spent auto-exploring this place.
 F = Levels seen in this place.
 G = Mean time per level.
                   A        B        C        D        E       F      G
               +--------+--------+--------+--------+--------+-----+--------+
         Total |    138 |    138 |      0 |      0 |    100 |   1 |  138.0 |
       Dungeon |    138 |    138 |      0 |      0 |    100 |   1 |  138.0 |
               +--------+--------+--------+--------+--------+-----+--------+

Top non-repeatable levels by time:
     D:1: 138 daAuts
